[Event "Titled Tuesday Blitz October 25 Late 2022"]
[White "Thiel, Thomas"]
[Black "Tan, Ralph"]
[WhiteFideId "4615964"]
[BlackFideId "30966590"]
[WhiteElo "2234"]
[BlackElo "2059"]
[Result "0-1"]
[Round "08"]
[TimeControl "180+1"]
[Date "2022.10.26"]
[WhiteClock "0:00:22"]
[BlackClock "0:00:19"]

1. e4 e6 2. d4 d5 3. Nc3 Nf6 4. Bg5 Be7 5. e5 Nfd7 6. h4 h6 7. Bxe7 Qxe7 8. f4 a6 9. Nf3 c5 10. Ne2 Nc6 11. Qd2 b5 12. g4 Bb7 13. Bg2 f6 14. b3 cxd4 15. Nexd4 fxe5 16. Nxc6 Bxc6 17. Nxe5 Nxe5 18. fxe5 O-O-O 19. Qa5 Kb7 20. O-O-O Rhf8 21. c4 Rf2 22. Rd2 Rxd2 23. Qxd2 dxc4 24. Bxc6+ Kxc6 25. Qg2+ Rd5 26. g5 hxg5 27. hxg5 cxb3 28. axb3 Kb6 29. Qf2+ Kb7 30. Kb2 Qd7 31. Rh2 Rxe5 32. g6 Rf5 33. Qg2+ Kb6 34. Qg1+ Kb7 35. Qg2+ Rd5 36. Rh7 Qe7 37. Qf2 Kc6 38. Qf7 Qd6 39. Qe8+ Kb6 40. Rh2 Qxh2+ 0-1


[Site "https://www.chess.com"]

[Event "Titled Tuesday Blitz October 25 Late 2022"]
[White "Thomforde-Toates, Noah"]
[Black "Ferreira, Vitor Hugo Vieira"]
[WhiteFideId "30951992"]
[BlackFideId "2119765"]
[WhiteElo "2646"]
[BlackElo "2168"]
[Result "1-0"]
[Round "08"]
[TimeControl "180+1"]
[Date "2022.10.26"]
[WhiteClock "0:00:18"]
[BlackClock "0:00:49"]

1. d4 d5 2. Nc3 Nf6 3. Bf4 a6 4. e3 e6 5. Nf3 c5 6. dxc5 Bxc5 7. Bd3 Nc6 8. O-O Qe7 9. e4 d4 10. Ne2 e5 11. Bd2 O-O 12. Ng3 Ne8 13. Re1 Nd6 14. a3 Bg4 15. h3 Bd7 16. b4 Ba7 17. Rb1 b5 18. Qe2 g6 19. Bh6 Rfe8 20. Qd2 f5 21. exf5 gxf5 22. Kh2 e4 23. Qf4 Ne5 24. Nxe5 Qxe5 25. Qg5+ Kh8 26. f4 Qe7 27. Qh5 Qf7 28. Qh4 exd3 29. cxd3 Re3 30. Nh5 Ne8 31. Bg5 Qg6 32. Nf6 h6 33. Nd5 Re6 34. Rxe6 Bxe6 35. Ne7 Qh7 36. Bf6+ Nxf6 37. Qxf6+ Qg7 38. Qxe6 Rf8 39. Ng6+ Kh7 40. Nxf8+ Qxf8 41. Re1 Bb8 42. Qd7+ Kg6 43. Re6+ Kh5 44. g3 Qg8 45. Qe8+ Qxe8 46. Rxe8 Bd6 47. Rd8 Be7 48. Rd7 Bf6 49. Rd6 Kg6 50. Rxa6 Kf7 51. Rb6 Bd8 52. Rxb5 Ke7 53. a4 Kd6 54. a5 Kc6 55. Rxf5 Bf6 56. Rxf6+ Kb5 57. a6 Kxb4 58. a7 Kc3 59. a8=Q Kxd3 60. Qf3+ Kd2 61. Rd6 d3 62. Rxd3+ Ke1 63. Rd1# 1-0


[Site "https://www.chess.com"]

[Event "Titled Tuesday Blitz October 25 Late 2022"]
[White "Toncheva, Nadya"]
[Black "Kabanova, Ekaterina"]
[WhiteFideId "2924056"]
[BlackFideId "24112917"]
[WhiteElo "2101"]
[BlackElo "2141"]
[Result "0-1"]
[Round "08"]
[TimeControl "180+1"]
[Date "2022.10.26"]
[WhiteClock "0:00:03"]
[BlackClock "0:00:38"]

1. e4 c5 2. Nf3 e6 3. c3 a6 4. d4 Qc7 5. Bd3 b5 6. O-O Bb7 7. Be3 Nf6 8. Nbd2 d6 9. h3 Nbd7 10. Qe2 Be7 11. Rfe1 h6 12. Rad1 g5 13. Nh2 Rg8 14. Bb1 g4 15. hxg4 O-O-O 16. Bf4 e5 17. dxe5 Nxe5 18. f3 Kb8 19. a4 bxa4 20. Nc4 h5 21. g5 Nh7 22. Bxe5 dxe5 23. Bc2 Nxg5 24. Bxa4 Nh3+ 25. Kh1 Nf4 26. Rxd8+ Bxd8 27. Qd2 Rxg2 28. Qd6 Bh4 29. Rd1 Qxd6 30. Nxd6 Bg3 31. Nf1 Bf2 32. Nh2 h4 33. Nxf7 h3 34. Nxe5 Ne2 35. Nf1 Bc8 36. Nd3 Rg1+ 37. Kh2 Rg2+ 38. Kh1 Bh4 39. Ne5 Rg1+ 40. Kh2 Bg3+ 41. Nxg3 Rxg3 42. Ng4 Rg2+ 43. Kxh3 Nf4+ 44. Kh4 Rxb2 45. Kg5 Ne2 46. Kf6 Nxc3 47. Bc6 Nxd1 48. Ne5 Ne3 49. f4 Rf2 50. f5 Rf4 51. Nd3 Rf1 52. Nxc5 Kc7 53. Bd5 Nxd5+ 54. exd5 Rxf5+ 55. Ke7 Rxd5 0-1


[Site "https://www.chess.com"]

[Event "Titled Tuesday Blitz October 25 Late 2022"]
[White "Varriale, Luca"]
[Black "Rodriguez Santiago, Jaime"]
[WhiteFideId "882461"]
[BlackFideId "3100898"]
[WhiteElo "2245"]
[BlackElo "2025"]
[Result "1-0"]
[Round "08"]
[TimeControl "180+1"]
[Date "2022.10.26"]
[WhiteClock "0:00:28"]
[BlackClock "0:00:34"]

1. d4 g6 2. c4 Bg7 3. Nc3 c5 4. d5 d6 5. e4 e6 6. Nf3 a6 7. a4 Ne7 8. Be2 O-O 9. O-O exd5 10. cxd5 Bg4 11. Nd2 Bxe2 12. Qxe2 Nd7 13. Nc4 Ne5 14. Nxe5 Bxe5 15. Bd2 f5 16. f4 Bg7 17. e5 dxe5 18. fxe5 Kh8 19. Qc4 Rc8 20. Bf4 h6 21. d6 Nc6 22. e6 Re8 23. e7 Nxe7 24. dxe7 Qxe7 25. Nd5 Qf7 26. Nb6 Qxc4 27. Nxc4 b5 28. axb5 axb5 29. Nd6 Bxb2 30. Rab1 Bd4+ 31. Kh1 b4 32. Nxe8 Rxe8 33. Bxh6 Re2 34. Rfe1 Ra2 35. Be3 Bc3 36. Red1 c4 37. Rdc1 Kh7 38. h3 Re2 39. Bc5 f4 40. Bxb4 Bxb4 41. Rxb4 f3 42. gxf3 Rf2 43. Rc3 Kh6 44. Rbxc4 Rf1+ 45. Kg2 Rd1 46. Rh4+ 1-0


[Site "https://www.chess.com"]

[Event "Titled Tuesday Blitz October 25 Late 2022"]
[White "Velikanov, Alexander"]
[Black "Holt, Conrad"]
[WhiteFideId "2039290"]
[BlackFideId "2034387"]
[WhiteElo "2259"]
[BlackElo "2592"]
[Result "0-1"]
[Round "08"]
[TimeControl "180+1"]
[Date "2022.10.26"]
[WhiteClock "0:00:02"]
[BlackClock "0:00:12"]

1. e4 e6 2. d4 d5 3. exd5 exd5 4. Nf3 Bd6 5. c4 c6 6. Nc3 Ne7 7. Bd3 dxc4 8. Bxc4 O-O 9. O-O Nd7 10. Bg5 Nb6 11. Bb3 Kh8 12. Re1 f6 13. Bh4 Bg4 14. h3 Bh5 15. g4 Bf7 16. Bxf7 Rxf7 17. Ne4 Bb8 18. Nc5 Ng6 19. Qb3 Qg8 20. Re4 Bd6 21. Rae1 Rd8 22. Ne6 Rb8 23. Bg3 Bxg3 24. fxg3 Nd5 25. h4 Re7 26. g5 Rbe8 27. Nc5 Rxe4 28. Rxe4 Rxe4 29. Nxe4 Qb8 30. h5 Nge7 31. h6 Nf5 32. hxg7+ Kxg7 33. gxf6+ Nxf6 34. Ne5 Nd5 35. Nc5 Nxd4 36. Qc4 Qxe5 37. Kg2 Ne3+ 0-1


[Site "https://www.chess.com"]

[Event "Titled Tuesday Blitz October 25 Late 2022"]
[White "Vlassov, Nikolai"]
[Black "Liu, Kelsey"]
[WhiteFideId "4103360"]
[BlackFideId "30944481"]
[WhiteElo "2324"]
[BlackElo "2340"]
[Result "1-0"]
[Round "08"]
[TimeControl "180+1"]
[Date "2022.10.26"]
[WhiteClock "0:00:05"]
[BlackClock "0:00:09"]

1. e4 c5 2. c3 Nf6 3. e5 Nd5 4. d4 cxd4 5. cxd4 d6 6. Bc4 e6 7. Nf3 Be7 8. O-O O-O 9. Qe2 Nc6 10. Qe4 Ndb4 11. Bb3 d5 12. Qg4 f5 13. exf6 Bxf6 14. a3 Nd3 15. Nc3 e5 16. Qh5 Be6 17. dxe5 Ncxe5 18. Nxe5 Nxe5 19. h3 Qd7 20. Rd1 d4 21. Bxe6+ Qxe6 22. Ne4 Rad8 23. f3 Be7 24. Bg5 h6 25. Bxe7 Qxe7 26. Rac1 d3 27. Rc5 Nc6 28. Rd5 Qe6 29. R1xd3 Rxd5 30. Qxd5 Qxd5 31. Rxd5 Rd8 32. Rxd8+ Nxd8 33. Kf2 Kf7 34. Ke3 Ke6 35. Kd4 Nc6+ 36. Kc5 Ne5 37. Kd4 b6 38. f4 Nc6+ 39. Ke3 Kd5 40. g4 Kc4 41. Nd2+ Kb5 42. Ke4 Kc5 43. Kf5 a5 44. Kg6 Kd4 45. Kxg7 Kd3 46. Nf3 Ke3 47. Ne5 Nd4 48. f5 Kf4 49. Nf7 h5 50. gxh5 Nxf5+ 51. Kg6 b5 52. h6 Nxh6 53. Kxh6 Kg3 54. Ng5 b4 55. axb4 axb4 56. Kh5 b3 57. h4 Kf4 58. Ne6+ Ke3 59. Nc5 Kd2 60. Nxb3+ Kc2 61. Nc5 Kxb2 62. Kg6 Kc3 63. h5 Kd4 64. h6 1-0


[Site "https://www.chess.com"]

[Event "Titled Tuesday Blitz October 25 Late 2022"]
[White "Vovk, Orest"]
[Black "Ballester Llagaria, Luis Eduardo"]
[WhiteFideId "14113490"]
[BlackFideId "2297620"]
[WhiteElo "2215"]
[BlackElo "2344"]
[Result "1-0"]
[Round "08"]
[TimeControl "180+1"]
[Date "2022.10.26"]
[WhiteClock "0:00:11"]
[BlackClock "0:00:15"]

1. h4 e5 2. h5 d5 3. h6 Nxh6 4. d4 e4 5. Bxh6 gxh6 6. e3 Be6 7. c4 c6 8. Nc3 Qb6 9. Qb3 Qxb3 10. axb3 Nd7 11. c5 a6 12. b4 Rb8 13. Nge2 Bg7 14. Nf4 Ke7 15. Be2 Nf6 16. Kd2 Rhg8 17. Kc2 Bf8 18. g3 Bg4 19. Kd2 h5 20. Bxg4 hxg4 21. Rh4 Rg5 22. b5 axb5 23. Ra7 h5 24. Na2 Bh6 25. Nb4 Ke8 26. Rh1 Rf5 27. Ke2 Bxf4 28. exf4 Nd7 29. Nc2 Nf8 30. Ne3 Rf6 31. Rxh5 Kd7 32. Nxg4 Re6 33. Ne5+ Ke8 34. Rh8 Ke7 35. f5 Rf6 36. g4 b4 37. b3 Ke8 38. Rxf8+ Kxf8 39. Nd7+ Kg7 40. Nxb8 Rh6 41. Rxb7 Rh4 42. Nxc6 Rxg4 43. Nxb4 Rf4 44. Nxd5 Rxf5 45. Ne3 Rf6 46. d5 Rb6 47. Rxb6 1-0


[Site "https://www.chess.com"]

[Event "Titled Tuesday Blitz October 25 Late 2022"]
[White "Weisz, Bryan"]
[Black "Lorenzo De La Riva, Lazaro"]
[WhiteFideId "30934133"]
[BlackFideId "2268809"]
[WhiteElo "2273"]
[BlackElo "2325"]
[Result "0-1"]
[Round "08"]
[TimeControl "180+1"]
[Date "2022.10.26"]
[WhiteClock "0:00:09"]
[BlackClock "0:01:11"]

1. e4 c5 2. Nf3 e6 3. d4 cxd4 4. Nxd4 Nf6 5. Nc3 Nc6 6. Ndb5 Bc5 7. Bf4 O-O 8. Bc7 Qe7 9. Bd6 Bxd6 10. Qxd6 Qd8 11. Qc7 Qe7 12. Qd6 Qxd6 13. Nxd6 Ne8 14. Ncb5 Nxd6 15. Nxd6 f6 16. O-O-O Rd8 17. Bc4 Ne5 18. Bb3 Nf7 19. f4 Kf8 20. e5 fxe5 21. fxe5 Nxd6 22. Rxd6 Ke7 23. Rhd1 Rf8 24. Ba4 Rd8 25. R1d3 a6 26. c4 Rb8 27. c5 Ra8 28. h4 g6 29. g4 a5 30. Bb5 a4 31. h5 g5 32. h6 Ra5 33. Bc4 Rxc5 34. Rc3 Rxe5 35. Rd4 b5 36. Bd3 Bb7 37. Bxh7 Re1+ 38. Kd2 Rh1 39. Rc7 Bc6 40. Bd3 Rh2+ 41. Kc3 Rxh6 42. Kb4 Rh2 43. b3 axb3 44. axb3 Rh3 45. Bxb5 Rb8 46. Rdxd7+ Bxd7 47. Rxd7+ Kf6 48. Kc4 Rg3 49. Rd4 Ke5 50. b4 Rc8+ 0-1


[Site "https://www.chess.com"]

[Event "Titled Tuesday Blitz October 25 Late 2022"]
[White "Wieczorek, Zbigniew"]
[Black "Sztokbant, Bernardo Vainzoff"]
[WhiteFideId "1102001"]
[BlackFideId "2115956"]
[WhiteElo "2356"]
[BlackElo "2171"]
[Result "0-1"]
[Round "08"]
[TimeControl "180+1"]
[Date "2022.10.26"]
[WhiteClock "0:00:10"]
[BlackClock "0:00:06"]

1. Nf3 g6 2. c4 Bg7 3. Nc3 c5 4. d4 cxd4 5. Nxd4 Nc6 6. Nc2 Nf6 7. e4 d6 8. Qd2 O-O 9. b3 Qa5 10. Rb1 Nd7 11. Bb2 Nc5 12. f3 f5 13. Ba1 Nb4 14. Nxb4 Qxb4 15. Nd5 Qxd2+ 16. Kxd2 Bxa1 17. Rxa1 fxe4 18. Nxe7+ Kg7 19. Be2 Be6 20. b4 Nd7 21. fxe4 Rf2 22. Ke3 Rxg2 23. Rad1 Ne5 24. Nd5 Rc8 25. Nf4 Rxe2+ 26. Nxe2 Nxc4+ 27. Kd4 Bg4 28. Rhe1 Ne5 29. Nf4 Bxd1 30. Rxd1 Rc2 31. Kd5 Rxh2 32. Kxd6 Nc4+ 33. Ke7 Rh4 34. Ne6+ Kh6 35. Rd4 Ne5 36. b5 a6 37. Kf6 Ng4+ 38. Kf7 axb5 39. Nf8 Ne5+ 40. Ke6 Nc6 41. Rd7 Rxe4+ 42. Kd5 Rd4+ 43. Ke6 Rxd7 44. Nxd7 Kg7 45. Nc5 Nb4 46. a3 Nc2 47. Nxb7 Nxa3 48. Nd6 h5 49. Nxb5 Nxb5 0-1


[Site "https://www.chess.com"]

[Event "Titled Tuesday Blitz October 25 Late 2022"]
[White "Winterberg, Lukas"]
[Black "Zakaryan, David"]
[WhiteFideId "24622702"]
[BlackFideId "24101923"]
[WhiteElo "2349"]
[BlackElo "2409"]
[Result "1-0"]
[Round "08"]
[TimeControl "180+1"]
[Date "2022.10.26"]
[WhiteClock "0:00:02"]
[BlackClock "0:00:10"]

1. d4 g6 2. c4 Bg7 3. Nc3 c5 4. d5 Bxc3+ 5. bxc3 f5 6. h4 Nf6 7. h5 Rg8 8. hxg6 hxg6 9. d6 Nc6 10. g3 Ne4 11. dxe7 Qxe7 12. Nh3 d6 13. Nf4 Be6 14. Nd5 Qf7 15. Bg2 O-O-O 16. Bxe4 fxe4 17. Bg5 Rh8 18. Rf1 Rdf8 19. Nf6 Bf5 20. Qxd6 Qxc4 21. Nd5 Rf7 22. Rd1 Rd7 23. Qf6 Re8 24. Ne3 Rxd1+ 25. Kxd1 Qxa2 26. Qd6 Re6 27. Qxc5 b6 28. Qd5 Qb1+ 29. Kd2 Qb2+ 30. Kd1 Kb7 31. Nxf5 Qb1+ 32. Kd2 Qb2+ 33. Ke3 Qxc3+ 34. Kf4 Re5 35. Nd6+ Kc7 36. Nb5+ Kb7 37. Nxc3 Rxd5 38. Nxd5 Nd4 39. Kxe4 Nxe2 40. f4 a5 41. Rf3 a4 42. g4 b5 43. f5 gxf5+ 44. gxf5 b4 45. Nxb4 a3 46. Rxa3 Kc7 47. Ra7+ Kd6 48. Bf4+ Kc5 49. f6 Nc3+ 50. Kd3 Nb5 51. Ra5 Kb6 52. Rxb5+ Ka7 53. f7 Ka8 54. f8=Q+ Ka7 55. Be3# 1-0


[Site "https://www.chess.com"]

[Event "Titled Tuesday Blitz October 25 Late 2022"]
[White "Yeletsky, Ivan"]
[Black "Goryachkina, Aleksandra"]
[WhiteFideId "24180327"]
[BlackFideId "4147103"]
[WhiteElo "2391"]
[BlackElo "2484"]
[Result "0-1"]
[Round "08"]
[TimeControl "180+1"]
[Date "2022.10.26"]
[WhiteClock "0:00:01"]
[BlackClock "0:00:02"]

1. e4 e6 2. d4 d5 3. Nc3 Bb4 4. e5 c5 5. a3 Bxc3+ 6. bxc3 Ne7 7. h4 Qc7 8. h5 h6 9. Rb1 b6 10. Qg4 cxd4 11. Qxg7 Rg8 12. Qxh6 Qxe5+ 13. Ne2 dxc3 14. Bf4 Qe4 15. Qf6 Nd7 16. Qxc3 e5 17. Bd2 d4 18. Qd3 Bb7 19. h6 Rc8 20. f3 Qg6 21. Qxg6 Nxg6 22. c3 Nc5 23. Ng3 d3 24. Be3 Nf4 25. h7 Rh8 26. Nh5 Nd5 27. Ng7+ Ke7 28. Bd2 Nf6 29. Nf5+ Ke6 30. Ng7+ Kd7 31. Be3 Rxh7 32. Rxh7 Nxh7 33. Bxc5 Rxc5 34. Bxd3 Nf6 35. Kd2 Kc7 36. Nf5 Nd5 37. c4 Nf4 38. Bf1 Ra5 39. Rb3 Ne6 40. Ne3 Nd4 41. Rc3 f5 42. Nc2 Nxc2 43. Kxc2 Kd6 44. Kb2 e4 45. fxe4 fxe4 46. Rh3 Ke5 47. Rh7 Bc6 48. Rc7 Ba4 49. Rh7 Kd4 50. Rh3 Rf5 0-1


[Site "https://www.chess.com"]

[Event "Titled Tuesday Blitz October 25 Late 2022"]
[White "Yoo, Christopher Woojin"]
[Black "Papasimakopoulos, Alexandros"]
[WhiteFideId "30909694"]
[BlackFideId "4244125"]
[WhiteElo "2463"]
[BlackElo "2357"]
[Result "1-0"]
[Round "08"]
[TimeControl "180+1"]
[Date "2022.10.26"]
[WhiteClock "0:00:07"]
[BlackClock "0:00:26"]

1. e4 e6 2. d3 d5 3. Nd2 c5 4. Ngf3 Nc6 5. g3 g6 6. Bg2 Bg7 7. O-O Nge7 8. Re1 h6 9. c3 a5 10. a4 b6 11. Qc2 O-O 12. Nf1 Ba6 13. h4 dxe4 14. dxe4 Bd3 15. Qb3 c4 16. Qa3 Qc7 17. N1h2 Rfd8 18. h5 g5 19. Ng4 f5 20. exf5 exf5 21. Nxh6+ Bxh6 22. Re6 Bf8 23. Bxg5 Rd7 24. Nh4 Nd5 25. Qa2 Rd6 26. Rae1 Qd7 27. Rxd6 Qxd6 28. Ng6 Bg7 29. h6 Bf6 30. Bxd5+ Qxd5 31. Bxf6 Kf7 32. Nf4 Qf3 33. Bh4 Rh8 34. Nxd3 Qxd3 35. Re3 Qd5 36. Bg5 Ne5 37. Rxe5 Qxe5 38. Qxc4+ Kg6 39. Qc6+ Kh5 40. Be3 Rg8 41. Qh1+ Kg6 42. h7 Rh8 43. Qh6+ Kf7 44. Bd4 Qe1+ 45. Kh2 Rxh7 46. Qxh7+ Ke6 47. Qg6+ Kd5 48. Qxf5+ Kc4 49. Qb5# 1-0


[Site "https://www.chess.com"]

[Event "Titled Tuesday Blitz October 25 Late 2022"]
[White "Yuan, Qingyu"]
[Black "Sadhwani, Raunak"]
[WhiteFideId "8609772"]
[BlackFideId "35093487"]
[WhiteElo "2359"]
[BlackElo "2656"]
[Result "1/2-1/2"]
[Round "08"]
[TimeControl "180+1"]
[Date "2022.10.26"]
[WhiteClock "0:00:10"]
[BlackClock "0:00:12"]

1. d4 g6 2. e4 Bg7 3. Nf3 d6 4. c3 Nf6 5. Bd3 O-O 6. O-O Nc6 7. h3 e5 8. Re1 Nh5 9. Bg5 Qe8 10. dxe5 Nxe5 11. Be2 Nf6 12. Nbd2 h6 13. Bf4 Qe7 14. Qc2 Bd7 15. a4 a5 16. Nd4 Rfe8 17. Bh2 Bc6 18. Nxc6 Nxc6 19. Bb5 Nd7 20. Nc4 Red8 21. Rad1 Nce5 22. Ne3 c6 23. Bf1 Nc5 24. Nc4 Nxc4 25. Bxc4 Be5 26. f4 Bg7 27. Re2 Kh8 28. Kh1 Rd7 29. Bg1 Ne6 30. Bh2 Re8 31. Rde1 Qh4 32. Bxe6 Rxe6 33. Qd3 Rd8 34. Bg3 Qh5 35. Kh2 Rde8 36. Re3 Qc5 37. R3e2 Qh5 38. Re3 Kg8 39. f5 gxf5 40. exf5 Rxe3 41. Rxe3 Rxe3 42. Qxe3 Qxf5 43. Bxd6 Qd5 44. Bf4 h5 45. Bg3 Bf6 46. Qf4 Kg7 47. h4 Kg6 48. Qe3 Qc4 49. Qf4 Qxf4 50. Bxf4 Bxh4 51. Bc7 Bg5 52. Bxa5 Bc1 53. b3 Bd2 54. Kh3 f5 55. Bb4 Be1 56. Ba5 f4 57. Kh2 Kf5 58. Kg1 Kg4 59. Kf1 Bd2 60. Ke2 Be3 61. Bc7 Kg3 62. Kf1 Kg4 63. b4 Bd2 64. Be5 Kf5 65. Bg7 Ke4 66. Ke2 Be3 67. Bf6 Bb6 68. Bg7 Bc7 69. Bf6 Bb6 70. Bg7 Bd8 71. Bh8 h4 72. Bg7 Be7 73. Kf2 Bd6 74. Bd4 Bc7 75. Bf6 Bb6+ 76. Kf1 Kd3 77. Bxh4 Kxc3 78. b5 cxb5 79. axb5 Kc4 80. Bg5 Bc7 81. Ke2 Kxb5 82. Kf3 Kc4 83. Bxf4 Bxf4 84. Kxf4 b5 85. g4 b4 86. g5 b3 87. g6 b2 88. g7 b1=Q 89. g8=Q+ Kc5 90. Qc8+ Kd4 91. Qd7+ Kc3 92. Qc6+ Kb2 93. Ke3 Ka1 94. Qa4+ Qa2 95. Qd1+ Qb1 96. Qa4+ Qa2 97. Qd1+ Qb1 98. Qa4+ 1/2-1/2


[Site "https://www.chess.com"]

[Event "Titled Tuesday Blitz October 25 Late 2022"]
[White "Zhigalko, Sergei"]
[Black "Firouzja, Alireza"]
[WhiteFideId "13502956"]
[BlackFideId "12573981"]
[WhiteElo "2662"]
[BlackElo "2903"]
[Result "0-1"]
[Round "08"]
[TimeControl "180+1"]
[Date "2022.10.26"]
[WhiteClock "0:00:04"]
[BlackClock "0:00:43"]

1. e4 c6 2. d4 d5 3. e5 Bf5 4. Nf3 e6 5. Be2 Ne7 6. O-O h6 7. Nbd2 Nd7 8. Nb3 Bh7 9. a4 Ng6 10. c4 dxc4 11. Bxc4 Nb6 12. Bd3 Nd5 13. Bd2 Be7 14. Qc2 O-O 15. Rfe1 Rc8 16. Nc5 b6 17. Nxe6 fxe6 18. Bxg6 Bxg6 19. Qxg6 Qe8 20. Qxe6+ Kh7 21. Rac1 Qg6 22. Qxg6+ Kxg6 23. Rc2 Kf5 24. Rec1 c5 25. b4 c4 26. Rxc4 Rxc4 27. Rxc4 g5 28. h3 h5 29. b5 g4 30. hxg4+ hxg4 31. Nh2 Ke4 32. Bh6 Rg8 33. Be3 g3 34. Nf1 gxf2+ 35. Bxf2 Kd3 36. Rc6 Nf4 37. g3 Nh3+ 38. Kg2 Nf4+ 39. Kf3 Nd5 40. Re6 Rf8+ 41. Kg2 Ke2 42. Bg1 Rxf1 43. Rg6 Ra1 44. Rg4 Rxa4 45. Re4+ Kd3 46. Kf3 Rb4 47. e6 Rxb5 48. Re5 a5 49. g4 a4 50. g5 a3 51. g6 a2 52. Re1 Rb1 53. g7 Rxe1 54. g8=Q Rf1+ 0-1


[Site "https://www.chess.com"]

[Event "Titled Tuesday Blitz October 25 Late 2022"]
[White "Zochowski, Kacper"]
[Black "Sokolovsky, Yahli"]
[WhiteFideId "1125494"]
[BlackFideId "2820242"]
[WhiteElo "2292"]
[BlackElo "2316"]
[Result "0-1"]
[Round "08"]
[TimeControl "180+1"]
[Date "2022.10.26"]
[WhiteClock "0:00:15"]
[BlackClock "0:00:06"]

1. Nf3 g6 2. c4 Bg7 3. Nc3 e5 4. b3 e4 5. Ng1 Nc6 6. Bb2 f5 7. d3 exd3 8. Qxd3 Nf6 9. Nf3 O-O 10. g3 Ne4 11. Rc1 Nb4 12. Qd1 Re8 13. a3 Bxc3+ 14. Bxc3 Na2 15. Qd5+ Kf8 16. Bb4+ Nxb4 17. axb4 Qf6 18. Qd4 d6 19. Bg2 Bd7 20. Qxf6+ Nxf6 21. Nd4 c6 22. h4 a5 23. b5 c5 24. Nf3 d5 25. cxd5 Bxb5 26. e3 b6 27. Ng5 Ra7 28. Ne6+ Kf7 29. Nf4 Ne4 30. h5 g5 31. Ne6 h6 32. Bh3 Nd6 33. g4 Bd3 34. Kd2 Be4 35. f3 Bxf3 36. Rhf1 Bxd5 37. gxf5 Ne4+ 38. Kc2 Nf6 39. Rcd1 Be4+ 40. Kb2 a4 41. Nd8+ Ke7 42. Ne6 axb3 43. Kxb3 Rea8 44. Kc4 Ra4+ 45. Kb5 Rb4# 0-1


[Site "https://www.chess.com"]

[Event "Titled Tuesday Blitz October 25 Late 2022"]
[White "chess50years"]
[Black "Arnold, Ken"]
[BlackFideId "2056836"]
[WhiteElo "1489"]
[BlackElo "2302"]
[Result "1/2-1/2"]
[Round "08"]
[TimeControl "180+1"]
[Date "2022.10.26"]
[WhiteClock "0:00:28"]
[BlackClock "0:00:20"]

1. d4 d5 2. c4 c6 3. Nc3 Nf6 4. Nf3 dxc4 5. a4 Bf5 6. e3 e6 7. Bxc4 Be7 8. O-O O-O 9. Ne5 Nbd7 10. f4 a6 11. a5 c5 12. d5 exd5 13. Nxd5 Nxd5 14. Bxd5 Nxe5 15. fxe5 Be6 16. e4 Qc7 17. Bf4 Rad8 18. Qb3 c4 19. Qxb7 Qc5+ 20. Kh1 Bxd5 21. exd5 Rxd5 22. Bg3 Bg5 23. Qxa6 h5 24. Qb6 Qxb6 25. axb6 Rb5 26. Ra4 Rxb6 27. h4 Be3 28. Rxc4 Rxb2 29. Rc7 Rb4 30. e6 Rg4 31. exf7+ Kh7 32. Kh2 Bb6 33. Rb7 Bc5 34. Rc7 Rxg3 35. Rxc5 Rg4 36. g3 g6 37. Rc7 Kg7 38. Kh3 Re4 39. Rf2 Re3 40. Kg2 Re6 41. Rb2 Rxf7 42. Rxf7+ Kxf7 43. Rf2+ Kg7 44. Rd2 Re4 45. Rf2 Kh6 46. Rd2 Rb4 47. Rc2 Kg7 48. Ra2 Kf6 49. Rf2+ Ke5 50. Rd2 Kf5 51. Rf2+ Kg4 52. Ra2 g5 53. hxg5 Kxg5 54. Ra8 Rb2+ 55. Kh3 Rb4 56. Ra5+ Kg6 57. Rc5 Ra4 58. Rb5 Rc4 59. Rb6+ Kg5 60. Rb5+ Kg6 61. Rb6+ Kg5 62. Rb5+ Kg6 1/2-1/2


[Site "https://www.chess.com"]

[Event "Titled Tuesday Blitz October 25 Late 2022"]
[White "Abdyzhapar, Asylbek"]
[Black "Rasulov, Vugar"]
[WhiteFideId "13800337"]
[BlackFideId "13402390"]
[WhiteElo "2323"]
[BlackElo "2509"]
[Result "1/2-1/2"]
[Round "09"]
[TimeControl "180+1"]
[Date "2022.10.26"]
[WhiteClock "0:00:20"]
[BlackClock "0:01:04"]

1. e4 c5 2. Nf3 e6 3. d4 cxd4 4. Nxd4 Nc6 5. Nc3 Qc7 6. Be2 a6 7. O-O Nf6 8. Nb3 b5 9. a3 Bb7 10. f4 d6 11. Be3 Be7 12. Kh1 O-O 13. Bf3 Rfd8 14. Rf2 d5 15. exd5 b4 16. axb4 Nxb4 17. Rd2 Nfxd5 18. Nxd5 Bxd5 19. c3 Bxf3 20. Qxf3 Nd5 21. Nd4 Bc5 22. Rad1 h6 23. h3 Rab8 24. Bg1 Qxf4 25. Nc6 Qxf3 26. gxf3 Bxg1 27. Kxg1 Rdc8 28. Nxb8 Rxb8 29. Kf2 Rb3 30. h4 g5 31. hxg5 hxg5 32. Kg3 Kg7 33. Ra1 Rb6 34. c4 Nf4 35. c5 Rc6 36. b4 Nd5 37. Rd4 f5 38. Rad1 Kf6 39. Rxd5 exd5 40. Rxd5 Ke6 41. Rd8 a5 42. bxa5 Rxc5 43. a6 Ra5 44. Ra8 Kf6 45. Kf2 Ra2+ 46. Ke3 Kg6 47. Kd4 Ra3 48. Ke5 f4 49. a7 Kg7 50. Kf5 Ra5+ 51. Kg4 Kh7 52. Kh5 Kg7 53. Kg4 Kh7 54. Rf8 Rxa7 55. Kxg5 Kg7 56. Rxf4 Ra1 57. Rb4 Ra5+ 58. Kg4 Kf6 59. f4 Ra6 60. Rb5 Kg6 61. Rg5+ Kf6 62. Rh5 Kg6 63. f5+ Kg7 64. Rh3 Ra1 65. Kf4 Rf1+ 66. Rf3 Ra1 67. Re3 Kf6 68. Re6+ Kf7 69. Re4 Kf6 70. Re6+ Kf7 71. Rb6 Rf1+ 72. Kg5 Rg1+ 73. Kf4 Rh1 74. Rb7+ Kf6 75. Rb6+ Kf7 76. Ke5 Re1+ 77. Kf4 Rd1 78. Rb7+ Kf6 79. Rb6+ Kf7 80. Ke5 Re1+ 81. Kf4 Re2 82. Kg5 Rg2+ 83. Kf4 Rg1 84. Rb7+ Kf6 85. Rb6+ Kf7 86. Ke5 Re1+ 1/2-1/2


[Site "https://www.chess.com"]

[Event "Titled Tuesday Blitz October 25 Late 2022"]
[White "Adla, Diego"]
[Black "Kirillov, Dmitry"]
[WhiteFideId "100072"]
[BlackFideId "34180572"]
[WhiteElo "2377"]
[BlackElo "2095"]
[Result "0-1"]
[Round "09"]
[TimeControl "180+1"]
[Date "2022.10.26"]
[WhiteClock "0:00:47"]
[BlackClock "0:00:48"]

1. Nf3 d5 2. c4 d4 3. b4 g5 4. Bb2 Bg7 5. d3 g4 6. Nh4 e5 7. g3 Ne7 8. h3 h5 9. Nd2 c5 10. Bg2 f5 11. hxg4 hxg4 12. b5 Bf6 13. a4 Bxh4 14. gxh4 Ng6 15. e3 Rxh4 16. Rxh4 Qxh4 17. Qe2 g3 18. O-O-O gxf2 19. exd4 cxd4 20. Rf1 Nd7 21. Rxf2 Nf4 22. Qf1 Qxf2 23. Kc2 Qxf1 24. Bxf1 b6 25. Nf3 Bb7 26. Ng5 O-O-O 27. Bc1 Rg8 28. Nf7 Bg2 29. Bxg2 Rxg2+ 30. Kb3 Nxd3 31. Bh6 N7c5+ 0-1


[Site "https://www.chess.com"]

[Event "Titled Tuesday Blitz October 25 Late 2022"]
[White "Aghasiyev, Kamal"]
[Black "Garayev, Kanan"]
[WhiteFideId "13402854"]
[BlackFideId "13406671"]
[WhiteElo "2341"]
[BlackElo "2244"]
[Result "1/2-1/2"]
[Round "09"]
[TimeControl "180+1"]
[Date "2022.10.26"]
[WhiteClock "0:00:04"]
[BlackClock "0:00:07"]

1. d4 d5 2. c4 e6 3. Nc3 a6 4. cxd5 exd5 5. Bf4 c6 6. e3 Bd6 7. Bxd6 Qxd6 8. Bd3 Ne7 9. Nf3 Bf5 10. O-O Nd7 11. Ne2 O-O 12. Ng3 Bxd3 13. Qxd3 Qf6 14. Rfe1 Nc8 15. e4 dxe4 16. Nxe4 Qg6 17. Qb3 Ncb6 18. Ne5 Nxe5 19. dxe5 Nd5 20. Nd6 Rab8 21. Rad1 Nf4 22. Qf3 Nd5 23. Rd4 Qe6 24. Rg4 f5 25. Rd4 g6 26. h4 Rfd8 27. Rdd1 Nc7 28. h5 Nb5 29. a4 Nc7 30. Qf4 Nd5 31. Qh6 Rd7 32. Rd3 Rxd6 33. hxg6 Qxg6 34. Rg3 Re6 35. Rxg6+ Rxg6 36. Qh4 Rg4 37. Qh6 Rg6 38. Qd2 Re8 39. a5 Kh8 40. g3 f4 41. Qd4 fxg3 42. fxg3 Rxg3+ 43. Kh2 Rg6 44. Re4 Rh6+ 45. Rh4 Rhe6 46. Rh5 Kg8 47. Rg5+ Kh8 48. Rf5 Kg7 49. Qg4+ Rg6 50. Rg5 Rxe5 51. Qd7+ Re7 52. Rxg6+ hxg6 53. Qd6 Kf7 54. b4 Re6 55. Qd7+ Re7 56. Qd6 Re6 57. Qd7+ Re7 58. Qd6 1/2-1/2


[Site "https://www.chess.com"]

[Event "Titled Tuesday Blitz October 25 Late 2022"]
[White "Aguilar, Juan"]
[Black "Vlassov, Nikolai"]
[WhiteFideId "3800091"]
[BlackFideId "4103360"]
[WhiteElo "2426"]
[BlackElo "2324"]
[Result "0-1"]
[Round "09"]
[TimeControl "180+1"]
[Date "2022.10.26"]
[WhiteClock "0:00:06"]
[BlackClock "0:00:36"]

1. d4 Nf6 2. c4 Nc6 3. Nf3 e6 4. Nc3 Bb4 5. Qc2 d6 6. a3 Bxc3+ 7. Qxc3 a5 8. Bg5 h6 9. Bh4 g5 10. Bg3 Ne4 11. Qd3 f5 12. e3 h5 13. h4 g4 14. Nd2 Nxg3 15. fxg3 Qf6 16. O-O-O Bd7 17. Be2 O-O-O 18. Nb1 e5 19. Nc3 Rhe8 20. Nd5 Qh6 21. Kb1 exd4 22. exd4 Nxd4 23. Qxd4 Rxe2 24. Qa7 Bc6 25. Rhe1 Rde8 26. Rxe2 Rxe2 27. Qa8+ Kd7 28. Qxa5 Bxd5 29. cxd5 Qe3 30. Qb5+ Kc8 31. Rd3 Qe4 32. Ka2 Rxg2 33. Qb3 Re2 34. Rc3 Rd2 35. Qa4 Qxa4 0-1


[Site "https://www.chess.com"]